 Dungeon Crawl Stone Soup version 0.30.1-9-gdf580d7c3d (webtiles) character file.

Game seed: 5841069914418227530

1446 Chiseanne the Trooper (level 8, -6/64 HPs)
             Began as a Demonspawn Wanderer on Oct 16, 2023.
             Mangled by an ogre
             ... wielding a +0 giant club
              (21 damage)
             ... on level 5 of the Dungeon.
             The game lasted 00:06:58 (3580 turns).

Chiseanne the Trooper (Demonspawn Wanderer)         Turns: 3580, Time: 00:06:59

Health: -6/64      AC:  8    Str: 13    XL:     8   Next: 46%
Magic:  9/9        EV: 14    Int: 13    God:
Gold:   224        SH:  0    Dex: 15    Spells: 9/9 levels left

rFire   . . .        a - +3 quarterstaff
rCold   . . .        (shield currently unavailable)
rNeg    . . .        m - +0 scale mail
rPois   .            (helmet restricted)
rElec   .            (no cloak)
rCorr   .            c - +0 pair of gloves
SInv    .            (no boots)
Will    .....        (no amulet) Stlth
                     (no ring)
HPRegen 0.30/turn    (no ring)
MPRegen 0.11/turn

%: no passive effects
@: no status effects
A: horns 1, repulsion field 2, powered by pain 1, spiny 2
a: no special abilities


You were on level 5 of the Dungeon.
You visited 1 branch of the dungeon, and saw 5 of its levels.
You also visited: Ossuary.

You collected 224 gold pieces.

Inventory:

Hand Weapons
 a - a +3 quarterstaff (weapon)
Missiles
 b - 8 boomerangs (quivered)
 e - 4 poisoned darts
 f - 43 stones
Armour
 c - a +0 pair of gloves (worn)
 m - a +0 scale mail (worn)
Jewellery
 r - a ring of positive energy
Scrolls
 h - a scroll of identify
 i - a scroll of amnesia
 j - a scroll of fog
Potions
 d - 2 potions of curing
 g - 2 potions of mutation
 n - a potion of flight
 o - 2 potions of magic
 p - a potion of invisibility
 t - a potion of berserk rage
 v - a potion of resistance


   Skills:
 * Level 5.9 Fighting
 - Level 3.6 Staves
 - Level 1.0 Throwing
 * Level 5.5 Armour
 * Level 5.5 Dodging
 - Level 1.0 Spellcasting
 - Level 1.0 Summonings
 - Level 1.0 Evocations


You had 9 spell levels left.
You didn't know any spells.
Your spell library contained the following spells:

 Spells                   Type           Power      Damage    Failure   Level
 Summon Small Mammal      Summ           12%        N/A       58%         1
 Static Discharge         Conj/Air       0%         2-2/arc   86%         2
 Summon Guardian Golem    Hex/Summ       1%         N/A       95%         3
 Airstrike                Air            0%         2d(0-16)  100%        4
 Summon Lightning Spire   Summ/Air       1%         N/A       100%        4


Dungeon Overview and Level Annotations

Branches:
Dungeon (5/15)            Ossuary (visited)
 Temple: D:4-7

Altars:
Dithmenos
Makhleb

Annotations:
D:5 Dowan


Innate Abilities, Weirdness & Mutations

You have a pair of small horns on your head.
You are surrounded by a moderate repulsion field. (EV +3)
You sometimes gain a little power by taking damage.
You are mostly covered in sharp spines.


Message History

Dowan gestures at Duvessa while chanting.
The phantom easily resists.
Duvessa is struck by your spines. Duvessa closely misses you.
The orc closely misses you.
You hit Duvessa. Your headbutt misses Duvessa.
Duvessa is almost dead.
You flicker for a moment.
Dowan is no longer moving quickly.
Duvessa hits you with a +0 rapier.
* * * LOW HITPOINT WARNING * * *
Duvessa hits you with a +0 rapier.
* * * LOW HITPOINT WARNING * * *
You feel better. Duvessa barely misses you.
The orc hits you with a +2 whip of pain.
* * * LOW HITPOINT WARNING * * *
Duvessa is struck by your spines.
You kill Duvessa!
Dowan screams, "No!
No!"
The phantom is struck by your spines. The phantom closely misses you.
The ogre is struck by your spines. The ogre barely misses you.
The sleepcap is struck by your spines. The sleepcap barely misses you.
Things that are here:
a +0 rapier; a +0 chain mail; a smoky brown potion You hit the sleepcap.
You headbutt the sleepcap, but do no damage.
The sleepcap is almost destroyed.
The sleepcap releases spores at you but does no damage.
The orc is struck by your spines. The orc barely misses you.
The ogre completely misses you.
You sock the sleepcap!
You destroy the sleepcap!
The orc is struck by your spines.
You kill the orc!
You catch the helpless phantom completely off-guard!
You hit the phantom. Your headbutt misses the phantom.
The phantom is almost destroyed.
You flicker back into view.
Dowan seems to find hidden reserves of power!
The phantom is struck by your spines.
You destroy the phantom!
The ogre hits you with a +0 giant club!!
You die...

#...........# ..
#...........# ...
#...........+ ....
#.........).####....#
#...........#<.......
#.?......))))....####
#...........######
#......Oe†..#
......#..@####
.......#..)#
.......#...# ......#
........# ##......#
#....... #.......
#.......


You could see an ogre and Dowan (fast).

Vanquished Creatures
  Duvessa (D:5)
  A black bear (D:4)
  2 phantoms (D:5)
  10 scorpions (Ossuary)
  2 jellies (D:4)
  3 human zombies (Ossuary)
  4 centaur zombies (Ossuary)
  2 hounds (D:5)
  An orc priest (D:5)
  A sleepcap (D:5)
  A scorpion zombie (Ossuary)
  An orc wizard (D:5)
  3 mummies (Ossuary)
  An adder (D:2)
  3 worms
  A dart slug (D:1)
  4 orcs
  5 endoplasms
  2 giant cockroaches
  11 goblins
  9 hobgoblins
  5 jackals (D:1)
  2 quokkas
  7 ball pythons
  9 bats
  A frilled lizard (D:1)
  A hobgoblin zombie (Ossuary)
  9 kobolds
  8 kobold zombies (Ossuary)
  An orc zombie (Ossuary)
  3 rats
114 creatures vanquished.

Notes
Turn   | Place    | Note
-------+----------+-------------------------------------------
     0 | D:1      | Chiseanne the Demonspawn Wanderer began the quest for the
                  | Orb.
     0 | D:1      | Chiseanne set off with the following items: a +2
                  | quarterstaff, 8 boomerangs, a +0 dagger, a potion of
                  | curing, a +0 leather armour; and the following spell
                  | memorised: Summon Small Mammal; and the following spells
                  | available to memorise: Summon Guardian Golem.
     0 | D:1      | Reached XP level 1. HP: 13/13 MP: 2/2
    49 | D:1      | Gained mutation: You are partially covered in sharp spines.
                  | [demonic ancestry]
    49 | D:1      | Reached XP level 2. HP: 18/20 MP: 3/3
    52 | D:1      | Reached skill level 1 in Fighting
   254 | D:1      | Chiseanne: you disgusting low lives abuse your power over
                  | people ..stupid fuckers
   347 | D:1      | Gained mutation: You are surrounded by a mild repulsion
                  | field. (EV +2) [demonic ancestry]
   347 | D:1      | Reached XP level 3. HP: 26/26 MP: 4/4
   425 | D:1      | Chiseanne: abusive assholes
  1067 | D:2      | Gained mutation: You are surrounded by a moderate repulsion
                  | field. (EV +3) [demonic ancestry]
  1067 | D:2      | Reached XP level 4. HP: 33/33 MP: 5/5
  1334 | D:3      | Found a shadowy altar of Dithmenos.
  1369 | D:3      | Found a burning altar of Makhleb.
  1862 | D:4      | Noticed a black bear
  1878 | D:4      | Killed a black bear
  1879 | D:4      | Gained mutation: You sometimes gain a little power by
                  | taking damage. [demonic ancestry]
  1879 | D:4      | Reached XP level 5. HP: 39/39 MP: 6/6
  2491 | D:4      | Found a sand-covered staircase.
  2495 | Ossuary  | Entered an ossuary
  2510 | Ossuary  | Gained mutation: You have a pair of small horns on your
                  | head. [demonic ancestry]
  2510 | Ossuary  | Reached XP level 6. HP: 43/47 MP: 7/7
  2700 | Ossuary  | Reached XP level 7. HP: 47/54 MP: 8/8
  2864 | Ossuary  | Reached skill level 5 in Fighting
  2869 | Ossuary  | HP: 1/56 [scorpion (5)]
  2871 | Ossuary  | Gained mutation: You are mostly covered in sharp spines.
                  | [demonic ancestry]
  2871 | Ossuary  | Reached XP level 8. HP: 11/62 MP: 9/9
  3100 | Ossuary  | Reached skill level 5 in Armour
  3100 | Ossuary  | Reached skill level 5 in Dodging
  3113 | Ossuary  | Chiseanne: this is so disgusting...
  3113 | Ossuary  | Chiseanne: algorythm infested shit
  3113 | Ossuary  | Chiseanne: it wont die until you ALREADY spent the fucking
                  | pot
  3530 | D:5      | Entered Level 5 of the Dungeon
  3534 | D:5      | Identified the +10 whip of the Chain {heavy, rN+ Str-4
                  | Int+5}
  3550 | D:5      | Noticed Duvessa
  3550 | D:5      | Noticed Dowan
  3560 | D:5      | HP: 2/63 [something (4)]
  3576 | D:5      | Killed Duvessa
  3580 | D:5      | Mangled by an ogre

Illustrated notes

Levels and vault maps discovered:
D:1:      elethiomel_arrival_quiet, layout_basic, chequers_serial_rivers_large_a
D:2:      layout_rooms, nrook_uturn
D:3:      layout_loops_cross, mainiacjoe_overflow_surrounded_room,
          nicolae_dithmenos_the_darkroom
D:4:      layout_basic, enter_ossuary_5, kennysheep_pointless_box
D:5:      layout_basic, uniq_duvessa

Skill      XL: |  1  2  3  4  5  6  7  8 |
---------------+-------------------------+-----
Fighting       | 1 2 3 4 5 |  5.9
Dodging        | 2 3 4 5 |  5.5
Armour         | 2 3 4 5 |  5.5
Staves         | |  3.6
Throwing       | |  1.0
Spellcasting   | |  1.0
Summonings     | |  1.0
Evocations     | |  1.0

Action                     |  1- 3 |  4- 6 |  7- 9 || total
---------------------------+-------+-------+-------++-------
  Melee: Quarterstaff      |    78 |    80 |    84 ||   242
         Headbutt          |       |    15 |    18 ||    33
    Use: Scroll            |     4 |     3 |    10 ||    17
         Potion            |       |     1 |     6 ||     7
   Stab: Sleeping          |     3 |       |       ||     3
         Invisible         |       |       |     2 ||     2
 Armour: Leather armour    |    15 |       |       ||    15
         Ring mail         |    10 |     4 |       ||    14
         Skin              |       |    13 |       ||    13
         Scale mail        |       |    30 |    33 ||    63
  Dodge: Dodged            |    36 |    47 |    94 ||   177
